Euphox, chaotic male human Wizard ------------ -------- |..........| ------------ #.......| ----------- |..........| #....^.......#######|......| ----- #-.%%(%%!!%| |........@f.#####|..........| #|......| |...| ###|.!(%%%%!!| |..........| ###...........| #|...>..| #.<...#### |.%%]%%%%%| ----.------- ----------|- #|......-# #|...| ### ----------- # # #--------# #----- # ### # #)# ### # #### ### # # # # # # [ ### # ########### # # ### # -----#--- # --.------ # # # #####........| # #........| # # # # |.......| ---.--- ###|...|...| ---------# # -----# ##........| |.....| # |.......| |.......|######)##-...-# |.......| |.....-### --------- |.......|# # |...|# --------- |.....| |.......|# #[)...-# ------- |.......-# ||..| --------- ----- Euphox the Conjurer Experience level: 4 Strength: 10 Dexterity: 11 Constitution: 15 Intelligence: 18 Wisdom: 11 Charisma: 9 Health: 0(29) Energy: 40(40) AC: 9 Gold: 175 Moves: 1643 Your Inventory: Coins $ - 175 gold pieces Amulets s - a blessed amulet versus poison (being worn) Weapons a - a blessed +3 quarterstaff (weapon in hands) Armor b - an uncursed +0 cloak of magic resistance (being worn) Comestibles r - 2 uncursed food rations z - an [uncursed] fortune cookie Scrolls i - an uncursed scroll of enchant armor j - an uncursed scroll of scare monster k - an uncursed scroll of genocide Spellbooks l - a blessed spellbook of force bolt m - an uncursed spellbook of confuse monster Potions f - an uncursed potion of sleeping g - an uncursed potion of fruit juice h - an uncursed potion of booze p - an uncursed potion of speed x - an uncursed potion of healing Rings d - an uncursed +1 ring of gain wisdom (on right hand) e - an uncursed ring of shock resistance (on left hand) Wands c - an uncursed wand of digging (0:4) Tools n - an uncursed magic marker (0:66) o - an uncursed blindfold v - an [uncursed] blindfold A - an [uncursed] key [skeleton key] Spells known in the end: Name Level Category Fail Memory a - force bolt 1 attack 0% [||||||||] b - confuse monster 2 enchantment 0% [||||||||] Your skills at the end: Fighting Skills Weapon Skills quarterstaff [Basic / Expert] Spellcasting Skills attack spells [Basic / Expert] enchantment spells [Basic / Skilled] Final Attributes: You were devoutly aligned. Hunger level was 224. Your alignment was 17 / 18. Monster difficulty range was 0 - 3. Level difficulty was 3. You were immune to electricity. You were immune to poison. You were magic-protected. Your luck was zero. You are dead. Vanquished creatures: a hobbit 2 giant rats 2 brown molds a yellow mold a red mold a gecko 5 jackals a kobold a goblin 2 sewer rats 5 grid bugs 3 lichens a kobold zombie 4 newts 30 creatures vanquished. Voluntary challenges: You were an atheist. You used a wielded weapon 18 times. You read items or engraved 4 times. You put on armor 1 time. You never genocided any monsters. You never polymorphed an object. You never changed form. You used no wishes. You never wrote Elbereth's name. You never encountered a bones level. You never used any Sokoban shortcuts. Dungeon overview: The Dungeons of Doom: levels 1 to 3 Level 1 some fountains a long staircase Level 2 a general store Level 3 <- You were here a delicatessen History has recorded: On T:1 you entered the Dungeons of Doom to retrieve the Amulet of Yendor! On T:648 you reached level 2 of The Dungeons of Doom. On T:689 you advanced to experience level 2. On T:822 you advanced to experience level 3. On T:1233 you reached level 3 of The Dungeons of Doom. On T:1461 you advanced to experience level 4. Latest messages: [2 turns] This door is locked. You succeed in unlocking the door. The door opens. You see here a dagger. [3 turns] The kitten bites! (2x) [HP-4=25] The kitten bites! [HP-2=23] The kitten bites! [HP-3=20] The kitten bites! (2x) [HP-4=16] The kitten bites! [HP-4=12] The kitten bites! [HP-3=9] The kitten bites! [HP-1=8] You hit the kitten! The kitten bites! (2x) You die... Final status: Goodbye Euphox the Wizard... You died in The Dungeons of Doom on dungeon level 3 with 588 points, and 175 pieces of gold, after 1643 moves. You were level 4 with a maximum of 29 hit points when you died.